[ PARTIDA AOE2 · #493744949 ]
UnrankedMongoles vs Malians
Equipo del jugador · VICT
Equipo rival · DERR
[ ANÁLISIS DE REPETICIÓN · EXTRAÍDO DE LA PARTIDA GRABADA ]
Feudal
7:22
Castillos
17:56
Imperial
40:38
| APM promedio | 38.8 |
| APM pico | 102 |
| eAPM promedio | 16.8 |
| Aldeanos / militares | 215 / 577 |
Foco
⚔️ 49.2% · 🌾 50.8%
Scout Cavalry ×222 · Spearman ×207 · Mangudai ×127 · Archer ×11 · Trebuchet (Packed) ×5 · Monk ×3
Feudal
9:29
Castillos
14:25
Imperial
47:18
| APM promedio | 84.0 |
| APM pico | 155 |
| eAPM promedio | 58.6 |
| Aldeanos / militares | 352 / 547 |
Foco
⚔️ 67.2% · 🌾 32.8%
Scout Cavalry ×242 · Skirmisher ×115 · Camel Scout ×82 · Spearman ×56 · Gbeto ×21 · Trebuchet (Packed) ×10
Mapa de la partida
Recursos iniciales + cada clic de construcción. Líneas = muros · curvas = relieve. ◆ oro · ⬟ piedra · ● bayas · ✦ reliquia · ◌ hueco del cierre
Tu base· ✓ Cerrada en 17:56 · 33t muro · 1 puerta(s)
Base de Road19X· ✓ Cerrada en 14:25 · 40t muro · sin puerta
Terreno inicial suavizado · ◌ = hueco del cierre detectado · pasá el cursor para detalles
Inputs por minuto
— JadeArrowGamer - - Road19X
Build order — JadeArrowGamer
Primeras 150 de 534 acciones detectadas
| 0:01 | Crear | Villager (Male) ×4 |
| 0:02 | Construir | House |
| 0:03 | Construir | House |
| 0:05 | Investigar | Loom |
| 0:06 | Construir | House |
| 0:29 | Crear | Villager (Male) ×4 |
| 0:33 | Construir | Lumber Camp |
| 1:17 | Crear | Villager (Male) |
| 2:05 | Crear | Villager (Male) |
| 2:05 | Crear | Villager (Male) |
| 2:24 | Crear | Villager (Male) ×2 |
| 2:44 | Crear | Villager (Male) ×2 |
| 2:44 | Crear | Villager (Male) ×2 |
| 3:17 | Crear | Villager (Male) |
| 3:18 | Crear | Villager (Male) |
| 3:28 | Construir | Mill |
| 5:12 | Investigar | Feudal Age |
| 5:12 | Investigar | Feudal Age |
| 5:33 | Construir | Barracks |
| 5:50 | Crear | Villager (Male) |
| 6:45 | Crear | Villager (Male) |
| 6:56 | Crear | Villager (Male) |
| 7:22 | Edad | Edad Feudal |
| 7:25 | Construir | Archery Range |
| 7:29 | Crear | Spearman |
| 7:30 | Investigar | Double-Bit Axe |
| 7:32 | Construir | House |
| 8:26 | Crear | Villager (Male) |
| 8:43 | Crear | Villager (Male) |
| 8:46 | Construir | House |
| 8:47 | Construir | Mining Camp |
| 8:52 | Construir | Palisade Wall |
| 8:54 | Crear | Archer |
| 9:08 | Crear | Villager (Male) |
| 9:15 | Construir | House |
| 9:24 | Construir | Palisade Wall |
| 9:27 | Construir | Palisade Wall |
| 9:31 | Construir | Palisade Wall |
| 9:32 | Construir | Palisade Wall |
| 9:50 | Crear | Villager (Male) |
| 9:51 | Crear | Skirmisher |
| 9:52 | Crear | Spearman |
| 9:58 | Construir | House |
| 10:00 | Construir | House |
| 10:02 | Construir | Palisade Wall |
| 10:19 | Crear | Villager (Male) |
| 10:21 | Crear | Skirmisher |
| 10:32 | Investigar | Horse Collar |
| 10:37 | Construir | Farm |
| 10:52 | Crear | Villager (Male) |
| 11:16 | Crear | Villager (Male) |
| 11:18 | Construir | Farm |
| 11:19 | Construir | Farm |
| 11:19 | Construir | Farm |
| 11:19 | Construir | Farm |
| 11:20 | Construir | Farm |
| 11:30 | Construir | House |
| 11:35 | Construir | Palisade Wall |
| 11:38 | Construir | Palisade Gate |
| 11:45 | Crear | Villager (Male) |
| 12:04 | Construir | Blacksmith |
| 12:07 | Construir | Palisade Gate |
| 12:24 | Crear | Villager (Male) |
| 12:30 | Construir | Farm |
| 12:34 | Construir | Farm |
| 12:37 | Crear | Villager (Male) |
| 12:56 | Crear | Villager (Male) |
| 12:59 | Construir | Mining Camp |
| 13:04 | Construir | Farm |
| 13:08 | Crear | Villager (Male) |
| 13:30 | Construir | Farm |
| 13:35 | Construir | Farm |
| 13:48 | Crear | Villager (Male) |
| 14:02 | Construir | Farm |
| 14:10 | Construir | Farm |
| 14:40 | Construir | House |
| 15:16 | Investigar | Castle Age |
| 15:19 | Crear | Archer |
| 15:19 | Crear | Archer |
| 15:32 | Crear | Villager (Male) |
| 16:03 | Construir | Palisade Wall |
| 16:05 | Investigar | Fletching |
| 16:18 | Construir | Watch Tower |
| 16:24 | Crear | Archer |
| 16:40 | Crear | Archer |
| 17:07 | Crear | Archer |
| 17:16 | Crear | Villager (Male) |
| 17:18 | Investigar | Gold Mining |
| 17:47 | Crear | Villager (Male) |
| 17:56 | Edad | Edad de los Castillos |
| 17:58 | Construir | Town Center |
| 18:01 | Investigar | Crossbowman (upgrade) |
| 18:14 | Crear | Villager (Male) |
| 18:17 | Crear | Archer |
| 18:34 | Crear | Villager (Male) |
| 18:51 | Crear | Villager (Male) ×4 |
| 18:59 | Crear | Archer |
| 19:11 | Investigar | Bodkin Arrow |
| 19:34 | Crear | Archer |
| 19:42 | Construir | House |
| 19:44 | Construir | House |
| 19:45 | Construir | House |
| 19:46 | Construir | House |
| 19:48 | Construir | Palisade Wall |
| 19:59 | Crear | Villager (Male) ×3 |
| 20:11 | Crear | Archer |
| 20:37 | Crear | Archer |
| 20:39 | Construir | Farm |
| 20:40 | Construir | Farm |
| 20:41 | Construir | Farm |
| 20:41 | Construir | Farm |
| 20:44 | Crear | Villager (Male) ×3 |
| 21:10 | Crear | Villager (Male) |
| 21:54 | Crear | Villager (Male) ×5 |
| 22:00 | Construir | Castle |
| 22:32 | Crear | Villager (Male) ×2 |
| 22:45 | Crear | Mangudai |
| 22:45 | Crear | Mangudai |
| 22:49 | Crear | Villager (Male) ×2 |
| 22:57 | Crear | Mangudai |
| 22:57 | Crear | Mangudai |
| 23:02 | Crear | Villager (Male) |
| 23:30 | Crear | Villager (Male) |
| 23:42 | Crear | Villager (Male) |
| 23:42 | Crear | Villager (Male) |
| 23:55 | Construir | Farm |
| 24:09 | Crear | Villager (Male) |
| 24:09 | Crear | Villager (Male) |
| 24:21 | Construir | Stone Wall |
| 24:28 | Construir | Gate |
| 24:49 | Construir | University |
| 24:55 | Crear | Mangudai |
| 24:56 | Crear | Villager (Male) ×5 |
| 25:03 | Construir | Stone Wall |
| 25:05 | Crear | Villager (Male) ×2 |
| 25:11 | Construir | Farm |
| 25:13 | Crear | Mangudai |
| 25:13 | Crear | Mangudai |
| 25:35 | Construir | Stable |
| 25:55 | Crear | Mangudai |
| 26:22 | Investigar | Ballistics |
| 26:28 | Investigar | Bloodlines |
| 26:49 | Crear | Mangudai ×3 |
| 26:49 | Crear | Villager (Male) ×4 |
| 26:56 | Construir | Farm |
| 27:02 | Crear | Villager (Male) |
| 27:26 | Construir | Town Center |
| 27:31 | Crear | Villager (Male) ×3 |
| 28:02 | Crear | Mangudai ×3 |
| 28:03 | Crear | Villager (Male) ×2 |
Build order — Road19X
Primeras 150 de 1220 acciones detectadas
| 0:01 | Crear | Villager (Male) |
| 0:02 | Construir | House |
| 0:03 | Investigar | Loom |
| 0:05 | Construir | House |
| 0:13 | Crear | Villager (Male) |
| 0:21 | Crear | Villager (Male) |
| 0:32 | Crear | Villager (Male) |
| 0:33 | Crear | Villager (Male) |
| 1:04 | Crear | Villager (Male) |
| 1:23 | Crear | Villager (Male) |
| 1:32 | Construir | Lumber Camp |
| 1:53 | Crear | Villager (Male) |
| 2:31 | Crear | Villager (Male) |
| 2:46 | Construir | House |
| 2:55 | Crear | Villager (Male) |
| 2:55 | Crear | Villager (Male) |
| 3:30 | Crear | Villager (Male) |
| 3:48 | Construir | Mill |
| 4:16 | Crear | Villager (Male) |
| 4:37 | Construir | House |
| 4:58 | Construir | Palisade Wall |
| 4:59 | Construir | Palisade Wall |
| 5:01 | Construir | Palisade Wall |
| 5:08 | Crear | Villager (Male) |
| 5:38 | Crear | Villager (Male) |
| 5:53 | Construir | Mining Camp |
| 6:04 | Crear | Villager (Male) |
| 6:06 | Construir | Palisade Wall |
| 6:08 | Construir | Palisade Wall |
| 6:09 | Construir | Palisade Wall |
| 6:25 | Crear | Villager (Male) |
| 6:35 | Construir | Palisade Wall |
| 7:19 | Investigar | Feudal Age |
| 7:24 | Construir | House |
| 7:26 | Construir | Palisade Wall |
| 7:27 | Construir | Palisade Wall |
| 7:35 | Construir | Palisade Wall |
| 7:40 | Construir | Palisade Wall |
| 7:41 | Construir | Palisade Wall |
| 7:43 | Construir | Palisade Wall |
| 7:45 | Construir | Palisade Wall |
| 7:48 | Construir | Palisade Wall |
| 7:49 | Construir | Palisade Wall |
| 7:49 | Construir | Palisade Wall |
| 7:50 | Construir | Palisade Wall |
| 8:26 | Construir | Outpost |
| 8:32 | Crear | Villager (Male) |
| 8:38 | Construir | Farm |
| 8:45 | Construir | Farm |
| 8:52 | Construir | Outpost |
| 9:17 | Construir | Farm |
| 9:29 | Edad | Edad Feudal |
| 9:30 | Investigar | Double-Bit Axe |
| 9:32 | Construir | Market |
| 9:38 | Crear | Villager (Male) |
| 9:48 | Construir | Farm |
| 10:00 | Crear | Villager (Male) |
| 10:03 | Construir | Blacksmith |
| 10:38 | Construir | Mining Camp |
| 11:11 | Crear | Villager (Male) |
| 11:24 | Construir | Palisade Wall |
| 11:45 | Investigar | Castle Age |
| 12:29 | Construir | House |
| 12:34 | Construir | Stone Wall |
| 12:36 | Construir | Stone Wall |
| 12:37 | Construir | Stone Wall |
| 12:47 | Construir | Stone Wall |
| 13:08 | Investigar | Double-Bit Axe |
| 13:41 | Crear | Villager (Male) |
| 14:01 | Construir | House |
| 14:09 | Construir | Stone Wall |
| 14:12 | Construir | Stone Wall |
| 14:25 | Edad | Edad de los Castillos |
| 14:31 | Investigar | Bow Saw |
| 14:50 | Construir | Farm |
| 14:53 | Crear | Villager (Male) |
| 14:58 | Construir | Farm |
| 15:02 | Construir | Castle |
| 15:17 | Construir | Farm |
| 15:37 | Crear | Villager (Male) |
| 15:51 | Construir | Farm |
| 15:51 | Construir | Farm |
| 15:53 | Construir | Farm |
| 15:57 | Crear | Gbeto |
| 16:05 | Crear | Gbeto |
| 16:29 | Crear | Gbeto |
| 16:47 | Crear | Gbeto |
| 16:50 | Construir | Palisade Wall |
| 16:54 | Crear | Gbeto |
| 17:11 | Crear | Gbeto |
| 17:24 | Crear | Villager (Male) |
| 17:31 | Construir | Palisade Wall |
| 17:32 | Construir | Farm |
| 17:43 | Crear | Gbeto |
| 17:59 | Crear | Villager (Male) |
| 18:08 | Construir | Siege Workshop |
| 18:21 | Crear | Villager (Male) |
| 18:24 | Crear | Villager (Male) |
| 18:29 | Crear | Gbeto |
| 18:49 | Crear | Villager (Male) |
| 18:54 | Crear | Mangonel |
| 18:57 | Construir | Outpost |
| 18:59 | Construir | Outpost |
| 19:08 | Crear | Villager (Male) |
| 19:31 | Crear | Gbeto |
| 19:40 | Crear | Mangonel |
| 19:52 | Crear | Gbeto |
| 19:56 | Construir | House |
| 19:57 | Crear | Villager (Male) |
| 19:58 | Crear | Gbeto |
| 20:36 | Crear | Mangonel |
| 20:37 | Crear | Villager (Male) |
| 20:40 | Investigar | Scale Mail Armor |
| 20:41 | Investigar | Scale Mail Armor |
| 21:14 | Crear | Gbeto |
| 21:15 | Crear | Villager (Male) |
| 21:39 | Crear | Gbeto |
| 21:44 | Crear | Gbeto |
| 21:55 | Construir | Palisade Wall |
| 22:01 | Crear | Villager (Male) |
| 22:20 | Crear | Gbeto |
| 22:21 | Crear | Mangonel |
| 22:47 | Crear | Villager (Male) |
| 22:58 | Investigar | Horse Collar |
| 23:11 | Crear | Villager (Male) |
| 23:31 | Crear | Villager (Male) |
| 23:54 | Crear | Gbeto |
| 23:55 | Crear | Gbeto |
| 23:55 | Crear | Villager (Male) |
| 23:58 | Construir | Town Center |
| 24:03 | Construir | Outpost |
| 24:16 | Crear | Gbeto |
| 24:50 | Crear | Villager (Male) |
| 24:56 | Crear | Battering Ram |
| 24:59 | Crear | Gbeto |
| 25:29 | Crear | Villager (Male) |
| 25:30 | Crear | Villager (Male) |
| 25:45 | Crear | Villager (Male) |
| 25:46 | Construir | Farm |
| 25:48 | Construir | Farm |
| 25:56 | Construir | Outpost |
| 25:59 | Crear | Villager (Male) |
| 26:00 | Crear | Villager (Male) |
| 26:02 | Construir | Farm |
| 26:02 | Construir | Farm |
| 26:12 | Crear | Villager (Male) |
| 26:26 | Construir | House |
| 26:27 | Construir | House |
| 26:35 | Crear | Villager (Male) |
| 26:47 | Crear | Villager (Male) |
Cronología de la partida
| 4:58 | Road19X · wall_segment Palisade Wall x1 |
| 4:59 | Road19X · wall_segment Palisade Wall x6 |
| 5:01 | Road19X · wall_segment Palisade Wall x5 |
| 5:33 | JadeArrowGamer · first_building Barracks |
| 6:06 | Road19X · wall_segment Palisade Wall x1 |
| 6:08 | Road19X · wall_segment Palisade Wall x5 |
| 6:09 | Road19X · wall_segment Palisade Wall x1 |
| 6:35 | Road19X · wall_segment Palisade Wall x1 |
| 7:22 | JadeArrowGamer · age_up feudal |
| 7:25 | JadeArrowGamer · first_building Archery Range |
| 7:26 | Road19X · wall_segment Palisade Wall x1 |
| 7:27 | Road19X · wall_segment Palisade Wall x1 |
| 7:35 | Road19X · wall_segment Palisade Wall x4 |
| 7:40 | Road19X · wall_segment Palisade Wall x1 |
| 7:41 | Road19X · wall_segment Palisade Wall x1 |
| 7:43 | Road19X · wall_segment Palisade Wall x1 |
| 7:45 | Road19X · wall_segment Palisade Wall x1 |
| 7:48 | Road19X · wall_segment Palisade Wall x1 |
| 7:49 | Road19X · wall_segment Palisade Wall x1 |
| 7:49 | Road19X · wall_segment Palisade Wall x1 |
| 7:50 | Road19X · wall_segment Palisade Wall x1 |
| 8:52 | JadeArrowGamer · wall_segment Palisade Wall x6 |
| 9:24 | JadeArrowGamer · wall_segment Palisade Wall x14 |
| 9:27 | JadeArrowGamer · wall_segment Palisade Wall x2 |
| 9:29 | Road19X · age_up feudal |
| 9:31 | JadeArrowGamer · wall_segment Palisade Wall x2 |
| 9:32 | JadeArrowGamer · wall_segment Palisade Wall x1 |
| 10:02 | JadeArrowGamer · wall_segment Palisade Wall x4 |
| 10:22 | Road19X · first_market_sell 100 stone |
| 10:27 | Road19X · first_market_buy 100 food |
| 11:24 | Road19X · wall_segment Palisade Wall x1 |
| 11:35 | JadeArrowGamer · wall_segment Palisade Wall x4 |
| 12:34 | Road19X · wall_segment Stone Wall x1 |
| 12:36 | Road19X · wall_segment Stone Wall x1 |
| 12:37 | Road19X · wall_segment Stone Wall x1 |
| 12:47 | Road19X · wall_segment Stone Wall x1 |
| 14:09 | Road19X · wall_segment Stone Wall x1 |
| 14:12 | Road19X · wall_segment Stone Wall x1 |
| 14:25 | Road19X · age_up castle |
| 15:02 | Road19X · first_building Castle |
| 16:03 | JadeArrowGamer · wall_segment Palisade Wall x1 |
| 16:50 | Road19X · wall_segment Palisade Wall x1 |
| 17:31 | Road19X · wall_segment Palisade Wall x3 |
| 17:56 | JadeArrowGamer · age_up castle |
| 18:08 | Road19X · first_building Siege Workshop |
| 19:48 | JadeArrowGamer · wall_segment Palisade Wall x1 |
| 21:55 | Road19X · wall_segment Palisade Wall x1 |
| 22:00 | JadeArrowGamer · first_building Castle |
| 24:21 | JadeArrowGamer · wall_segment Stone Wall x4 |
| 25:03 | JadeArrowGamer · wall_segment Stone Wall x4 |
| 25:35 | JadeArrowGamer · first_building Stable |
| 26:54 | Road19X · first_building Monastery |
| 29:01 | Road19X · wall_segment Stone Wall x1 |
| 29:27 | Road19X · wall_segment Stone Wall x1 |
| 29:29 | Road19X · wall_segment Stone Wall x6 |
| 30:24 | Road19X · wall_segment Stone Wall x1 |
| 30:24 | Road19X · wall_segment Stone Wall x1 |
| 30:26 | Road19X · wall_segment Stone Wall x1 |
| 30:26 | Road19X · wall_segment Stone Wall x1 |
| 30:47 | JadeArrowGamer · first_building Monastery |
| 32:57 | Road19X · wall_segment Stone Wall x8 |
| 34:24 | Road19X · first_building Barracks |
| 35:09 | Road19X · wall_segment Stone Wall x1 |
| 35:10 | Road19X · wall_segment Stone Wall x1 |
| 35:13 | Road19X · wall_segment Stone Wall x3 |
| 35:17 | Road19X · first_building Archery Range |
| 40:38 | JadeArrowGamer · age_up imperial |
| 44:11 | Road19X · first_building Stable |
| 47:18 | Road19X · age_up imperial |
| 50:53 | JadeArrowGamer · first_market_sell 500 wood |
| 67:07 | Road19X · wall_segment Palisade Wall x1 |
| 67:08 | Road19X · wall_segment Stone Wall x1 |
| 67:09 | Road19X · wall_segment Stone Wall x1 |
| 70:05 | Road19X · wall_segment Palisade Wall x1 |
| 70:06 | Road19X · wall_segment Palisade Wall x1 |
| 70:57 | Road19X · wall_segment Stone Wall x1 |
| 70:59 | Road19X · wall_segment Stone Wall x1 |
| 73:02 | Road19X · resign |
[ ANÁLISIS IA · 1 CRÉDITO ]
¿Qué pasó realmente en esta partida?
Wolo.gg analiza cada decisión: build order, eco, micro, errores típicos por bracket. Análisis personalizado por WhatsApp o Discord en 30 segundos.
Guía civ
Mongoles
Perfil
JadeArrowGamer